 Dungeon Crawl Stone Soup version 0.21-a0-146-g612aa8a (webtiles) character file.

17102 rexbael the Bludgeoner (level 12, -3/97 HPs)
             Began as a Human Fighter on July 25, 2017.
             Was a High Priest of Okawaru.
             Killed from afar by an ice dragon (21 damage)
             ... with a blast of cold
             ... on level 1 of the Lair of Beasts on July 26, 2017.
             The game lasted 01:01:21 (13727 turns).

rexbael the Bludgeoner (Human Fighter)             Turns: 13727, Time: 01:01:22

Health: -3/97      AC: 20    Str: 21    XL:     12   Next: 78%
Magic:  0/15       EV:  7    Int: 10    God:    Okawaru [*****.]
Gold:   614        SH: 11    Dex: 12    Spells: 11/11 levels left

rFire    + . .     SeeInvis .   a - +5 morningstar "Orukow" {venom, rElec rF+}
rCold    . . .     Gourm    .   c - +0 shield
rNeg     . . .     Faith    .   D - +0 plate armour
rPois    .         Spirit   +   I - +1 hat
rElec    +         Reflect  .   t - +0 cloak
rCorr    .         Harm     .   y - +1 pair of gloves
MR       +....                  (no boots)
Stlth    ..........             l - amulet of guardian spirit
HPRegen  0.26/turn              G - ring of protection from magic
MPRegen  0.14/turn              H - ring of stealth

@: heroism, drained
A: no striking features
a: Heroism, Finesse, Renounce Religion


You were on level 1 of the Lair of Beasts.
You worshipped Okawaru.
Okawaru was extremely pleased with you.
You were hungry.

You visited 3 branches of the dungeon, and saw 13 of its levels.

You collected 614 gold pieces.

Inventory:

Hand Weapons
 a - the +5 morningstar "Orukow" (weapon) {venom, rElec rF+}
   (You found it on level 4 of the Dungeon)

   It poisons the flesh of those it strikes.
   It protects you from fire.
   It insulates you from electricity.
 b - a +1 hunting sling
Missiles
 j - 281 stones (quivered)
 w - 63 sling bullets
Armour
 c - a +0 shield (worn)
 t - a +0 cloak (worn)
 y - a +1 pair of gloves (worn)
 D - a +0 plate armour (worn)
 I - a +1 hat (worn)
Jewellery
 l - an amulet of guardian spirit (around neck)
 r - an uncursed ring of fire
 G - a ring of protection from magic (left hand)
 H - a ring of stealth (right hand)
Wands
 B - a wand of flame (25/48)
 C - a wand of digging (12/24)
 F - a wand of paralysis (12/24)
Scrolls
 e - 4 scrolls of remove curse
 s - 4 scrolls of magic mapping
 u - 2 scrolls of amnesia
 z - 2 scrolls of enchant armour
 A - 6 scrolls of teleportation
 K - a scroll of recharging
 L - 2 scrolls of enchant weapon
 O - 2 scrolls of identify
Potions
 d - a potion of lignification
 h - 2 potions of mutation
 k - a potion of haste
 n - a potion of berserk rage
 o - a potion of curing
 x - 2 potions of heal wounds
 J - a potion of flight
 N - a potion of invisibility
Books
 g - a book of Frost

   Spells                             Type                      Level
   a - Freeze                         Ice                          1
   b - Throw Frost                    Conjuration/Ice              2
   c - Ozocubu's Armour               Charms/Ice                   3
   d - Throw Icicle                   Conjuration/Ice              4
   e - Summon Ice Beast               Ice/Summoning                4
 v - a book of Misfortune

   Spells                             Type                      Level
   a - Confusing Touch                Hexes                        1
   b - Confuse                        Hexes                        3
   c - Gell's Gravitas                Translocation                3
   d - Petrify                        Transmutation/Earth          4
   e - Metabolic Englaciation         Hexes/Ice                    5
   f - Yara's Violent Unravelling     Hexes/Transmutation          5
 E - a book of Cantrips

   Spells                             Type                      Level
   a - Confusing Touch                Hexes                        1
   b - Animate Skeleton               Necromancy                   1
   c - Summon Small Mammal            Summoning                    1
   d - Apportation                    Translocation                1
 M - a book of Battle

   Spells                             Type                      Level
   a - Infusion                       Charms                       1
   b - Shroud of Golubria             Charms/Translocation         2
   c - Song of Slaying                Charms                       2
   d - Spectral Weapon                Hexes/Charms                 3
   e - Regeneration                   Charms/Necromancy            3
Comestibles
 f - 8 bread rations
 i - 11 fruits
 m - 8 royal jellies
 p - 2 meat rations


   Skills:
 - Level 10.1(14.9) Fighting
 * Level 15.1(19.9) Maces & Flails
 - Level 2.2(7.1) Slings
 + Level 6.5(11.3) Armour
 - Level 3.0(7.8) Shields
 + Level 5.1(5.0) Invocations


You had 11 spell levels left.
You didn't know any spells.

Dungeon Overview and Level Annotations

Branches:
Dungeon (10/15)            Temple (1/1) D:5            Lair (2/6) D:10
  Swamp: Lair:2-4    Shoals: Lair:2-4     Snake: Lair:2-4    Spider: Lair:2-4
    Orc: D:9-12

Altars:
Ashenzari
Cheibriados
Dithmenos
Fedhas
Hepliaklqana
Kikubaaqudgha
Makhleb
Nemelex Xobeh
Okawaru
Qazlal
Ru
Sif Muna
Vehumet
Wu Jian
Xom
Yredelemnul
The Shining One

Shops:
D:5 (

Portals:
Trove: D:10 (give 20 scrolls of identify)


Message History

You hold your ground!
You climb upwards.
There is a stone staircase leading down here.
You hit the ice dragon but do no damage.
The ice dragon is moderately wounded.
The ice dragon bites you but does no damage.
You block the ice dragon's attack. The ice dragon tramples you!
* * * LOW HITPOINT WARNING * * *
You hold your ground!
You barely miss the ice dragon.
The ice dragon is moderately wounded.
Your shield and plate armour prevent you from hitting the ice dragon.
The ice dragon is moderately wounded.
You block the ice dragon's attack. x2
The ice dragon tramples you but does no damage.
You bludgeon the ice dragon!!
The ice dragon is heavily wounded.
The ice dragon breathes frost at you. The blast of cold hits you!
You die...

........................#
........................#
........................#
.............)..........##
.........................#
........................##
........................#
................D.......#
................@.......#
......####..#####.......#
......P##P...# #.......#
......####..## #.......#
......## #..# ##.......##
.......# #..## #P........#
......## #...# ##........#
......####..## #........##
......#.##..#####.......#


You could see an ice dragon.

Vanquished Creatures
  5 two-headed ogres
  A hydra (Lair:1)
  Erica (D:9)
  Sonja (Lair:2)
  2 black mambas (Lair:1)
  2 spiny frogs (Lair:2)
  A rime drake (Lair:2)
  A komodo dragon (Lair:1)
  A queen bee (D:10)
  2 trolls (D:9)
  A polar bear (Lair:1)
  2 hippogriffs
  2 hogs (D:7)
  A human (D:7)
  8 yaks
  A steam dragon (D:8)
  A hungry ghost (D:8)
  5 porcupines
  A water moccasin (Lair:1)
  2 hell hounds (D:10)
  4 orc warriors
  7 ice beasts
  A sky beast (D:9)
  A black bear (D:10)
  2 centaurs
  4 ogres
  11 wolves (Lair:1)
  3 crocodiles (Lair:2)
  2 big kobolds (D:9)
  15 bullfrogs
  A wyvern zombie (D:7)
  2 scorpions
  The ghost of yrara the Skirmisher, a weakling DsFi (D:3)
  14 killer bees (D:10)
  A wight (D:8)
  A howler monkey (D:9)
  4 crimson imps
  A centaur zombie (D:8)
  3 bullfrog zombies
  Crazy Yiuf (D:2)
  5 hounds
  A jelly (D:7)
  11 orc wizards
  10 orc priests
  4 iguanas
  7 worker ants
  A worker ant zombie (D:9)
  A howler monkey skeleton (D:8)
  7 adders
  2 shadow imps
  2 white imps (Lair:2)
  2 oozes
  3 adder zombies
  An adder skeleton (D:8)
  7 worms
  2 dart slugs
  8 leopard geckos
  31 orcs
  A ball python (D:5)
  8 bats
  4 giant cockroaches
  9 goblins
  5 hobgoblins
  21 jackals
  17 kobolds
  5 frilled lizards
  7 rats
302 creatures vanquished.

Vanquished Creatures (others)
  An orc priest (D:8)
  An orc wizard (D:8)
  2 fungi (Lair:2)
  3 plants (Lair:2)
7 creatures vanquished.

Grand Total: 309 creatures vanquished

Notes
Turn   | Place    | Note
-------+----------+-------------------------------------------
     0 | D:1      | rexbael the Human Fighter began the quest for the Orb.
     0 | D:1      | Reached XP level 1. HP: 18/18 MP: 1/1
   277 | D:1      | Reached XP level 2. HP: 24/24 MP: 2/2
   815 | D:2      | Reached XP level 3. HP: 29/29 MP: 3/3
   983 | D:2      | Reached skill level 3 in Maces & Flails
  1250 | D:2      | Found a runed door.
  1254 | D:2      | Noticed Crazy Yiuf
  1275 | D:2      | Killed Crazy Yiuf
  1275 | D:2      | Reached XP level 4. HP: 9/37 MP: 4/4
  1958 | D:3      | Reached skill level 4 in Maces & Flails
  1958 | D:3      | Reached XP level 5. HP: 40/42 MP: 5/5
  2118 | D:3      | Noticed yrara's ghost (weakling DsFi)
  2149 | D:3      | Killed yrara's ghost
  2472 | D:3      | Reached XP level 6. HP: 47/49 MP: 6/6
  2741 | D:3      | Reached skill level 5 in Maces & Flails
  3246 | D:4      | Got a scorched morningstar
  3247 | D:4      | Identified the +5 morningstar "Orukow" {venom, rElec rF+} (You found it on level 4 of the Dungeon)
  3376 | D:4      | Reached XP level 7. HP: 42/55 MP: 4/7
  3386 | D:4      | Reached skill level 5 in Fighting
  3798 | D:5      | Entered Level 5 of the Dungeon
  3851 | D:5      | Found Xeulix's Weapon Boutique.
  3912 | D:5      | Reached skill level 6 in Maces & Flails
  4148 | D:5      | Found a staircase to the Ecumenical Temple.
  4162 | Temple   | Entered the Ecumenical Temple
  4171 | Temple   | Became a worshipper of Warmaster Okawaru
  4247 | D:5      | Reached skill level 7 in Maces & Flails
  4247 | D:5      | Reached XP level 8. HP: 64/64 MP: 8/8
  4713 | D:6      | Reached * piety under Okawaru
  4760 | D:6      | Reached skill level 8 in Maces & Flails
  5123 | D:7      | Noticed a hippogriff
  5134 | D:7      | Killed a hippogriff
  5134 | D:7      | Reached XP level 9. HP: 52/71 MP: 9/9
  5321 | D:7      | Reached skill level 9 in Maces & Flails
  5724 | D:7      | Found a deep blue altar of Sif Muna.
  5866 | D:7      | Reached ** piety under Okawaru
  6275 | D:7      | Reached skill level 10 in Maces & Flails
  6335 | D:7      | Reached XP level 10. HP: 67/80 MP: 7/10
  6580 | D:7      | Reached skill level 11 in Maces & Flails
  6824 | D:8      | Reached *** piety under Okawaru
  6872 | D:8      | Noticed a two-headed ogre
  6882 | D:8      | Killed a two-headed ogre
  7116 | D:8      | Noticed a two-headed ogre
  7133 | D:8      | Killed a two-headed ogre
  7133 | D:8      | Reached **** piety under Okawaru
  7133 | D:8      | Reached skill level 12 in Maces & Flails
  7151 | D:8      | Found a shimmering altar of Xom.
  7571 | D:9      | Reached XP level 11. HP: 83/89 MP: 9/11
  7823 | D:9      | Noticed Erica
  7864 | D:9      | Killed Erica
  7864 | D:9      | Reached skill level 13 in Maces & Flails
  8127 | D:9      | Noticed a two-headed ogre
  8134 | D:9      | Killed a two-headed ogre
  8134 | D:9      | Reached ***** piety under Okawaru
  8134 | D:9      | Reached skill level 10 in Fighting
  8264 | D:9      | Reached skill level 1 in Slings
  8544 | D:9      | Noticed a two-headed ogre
  8630 | D:9      | Killed a two-headed ogre
  8995 | D:9      | Noticed a two-headed ogre
  9010 | D:9      | Killed a two-headed ogre
  9130 | D:9      | Reached skill level 1 in Invocations
  9467 | D:10     | Entered Level 10 of the Dungeon
  9605 | D:10     | Received a gift from Okawaru
  9631 | D:10     | Reached skill level 14 in Maces & Flails
 10052 | D:10     | Found a staircase to the Lair.
 10076 | D:10     | Reached XP level 12. HP: 92/97 MP: 9/13
 10517 | D:10     | Found a portal to a secret trove of treasure.
 10654 | Lair:1   | Entered Level 1 of the Lair of Beasts
 10671 | Lair:1   | Upgraded the game from 0.21-a0-143-g1ab7d47 to 0.21-a0-146-g612aa8a
 11097 | Lair:1   | Reached skill level 5 in Armour
 13218 | Lair:2   | Noticed Sonja
 13229 | Lair:2   | Killed Sonja
 13229 | Lair:2   | Reached skill level 15 in Maces & Flails
 13317 | Lair:2   | Noticed an ice dragon
 13387 | Lair:2   | Reached skill level 5 in Invocations
 13408 | Lair:2   | Noticed a five-headed hydra
 13422 | Lair:1   | Killed a five-headed hydra
 13727 | Lair:1   | Killed from afar by an ice dragon

Vault maps used:
D:1:      zelgadis_glass_arrival_small, kennysheep_decorative_pillar
D:2:      uniq_crazy_yiuf_cottage
D:3:      minmay_misc_feat_alley
D:5:      minmay_temple_entry_purple_smoke, first_bread, serial_shops, shop
D:6:      minivault_26, minmay_misc_feat_x
D:7:      kennysheep_orc_sif_temple, grunt_livestock
D:8:      xom_confusion_cloud
D:9:      uniq_erica
D:10:     minmay_lair_entry_lava, enter_trove_2, minmay_misc_feat_tiny,
          hive_lemuel
Temple:   dpeg_three_leaves_temple
Lair:1:   beast_lair_carwin_5
Lair:2:   minmay_shoals_entry_hut, grunt_forest_small_clearings, ice2_lemuel,
          lemuel_fruit_tree, grunt_megastairs_3, uniq_sonja

Skill      XL: |  1  2  3  4  5  6  7  8  9 10 11 12 |
---------------+-------------------------------------+-----
Maces & Flails | 3 4 5 7 8 10 12 14 15 | 15.1
Fighting       | 4 5 6 8 9 10 | 10.1
Slings         | 2 |  2.2
Invocations    | 2 5 |  5.1
Armour         | 4 6 |  6.5
Shields        | |  3.0

Action                   |  1- 3 |  4- 6 |  7- 9 | 10-12 || total
-------------------------+-------+-------+-------+-------++-------
Melee: Flail             |    28 |       |       |       ||    28
       Whip              |    45 |   142 |       |       ||   187
       Morningstar       |       |     6 |   165 |   487 ||   658
 Fire: Hunting sling     |       |    76 |   106 |   219 ||   401
Throw: Stone             |       |       |       |     2 ||     2
Invok: Heroism           |       |       |       |     9 ||     9
Evoke: Wand              |       |       |       |     2 ||     2
  Use: Potion            |       |     1 |       |     4 ||     5
       Scroll            |       |    10 |     4 |    13 ||    27
  Eat: Chunk             |     1 |     7 |     9 |    22 ||    39
       Fruit             |       |       |       |     3 ||     3
Armor: Scale mail        |    20 |    66 |     6 |       ||    92
       Plate armour      |       |       |    82 |   290 ||   372
Dodge: Dodged            |     8 |    48 |    21 |    90 ||   167
Block: Shield            |    32 |    81 |    54 |   250 ||   417
